 Dungeon Crawl Stone Soup version 0.27-a0-988-g25969acef8 (webtiles) character file.

Game seed: 10385071357768713803

4591 Lanoc the Thaumaturge (level 10, -6/74 HPs)
             Began as a Gnoll Hedge Wizard on Apr 15, 2021.
             Was a Follower of Kikubaaqudgha.
             Mangled by Joseph
             ... wielding a +0 quarterstaff
              (27 damage)
             ... on level 10 of the Dungeon.
             The game lasted 00:19:57 (9666 turns).

Lanoc the Thaumaturge (Gnoll Hedge Wizard)          Turns: 9666, Time: 00:19:58

Health: -6/74      AC: 12    Str: 10    XL:     10   Next: 41%
Magic:  23/23      EV: 16    Int: 16    God:    Kikubaaqudgha [*.....]
Gold:   304        SH:  9    Dex: 12    Spells: 17/27 levels left

rFire    + + .     SeeInvis .   r - +8 dagger of the Moth {pain, rF+ rN+}
rCold    . . .     Faith    .   E - +0 kite shield
rNeg     + . .     Spirit   .   A - +2 robe {Will+}
rPois    .         Reflect  .   c - +0 hat
rElec    .         Harm     .   h - +0 cloak
rCorr    .         Rampage  .   (no gloves)
Will     +....                  l - +2 pair of boots
Stlth    +++.......             v - amulet of regeneration
HPRegen  1.22/turn              j - +4 ring of protection
MPRegen  0.18/turn              f - +4 ring of evasion

@: about to teleport
A: fangs 1, strong nose, distributed training, fire resistance 1
a: Renounce Religion, Receive Corpses


You were on level 10 of the Dungeon.
You worshipped Kikubaaqudgha.
Kikubaaqudgha was aware of your devotion.
You visited 2 branches of the dungeon, and saw 11 of its levels.

You collected 304 gold pieces.

Inventory:

Hand Weapons
 r - the +8 dagger of the Moth (weapon) {pain, rF+ rN+}
   (You found it on level 4 of the Dungeon)

   In the hands of one skilled in necromantic magic, it inflicts extra damage on
   living creatures.
   It protects you from fire.
   It protects you from negative energy.
Missiles
 b - 6 datura-tipped darts (quivered)
 z - 6 boomerangs of dispersal
 F - a throwing net
Armour
 c - a +0 hat (worn)
 h - a +0 cloak (worn)
 l - a +2 pair of boots (worn)
 A - a +2 robe of willpower (worn)
 E - a +0 kite shield (worn)
Jewellery
 f - a +4 ring of evasion (right hand)
 j - a +4 ring of protection (left hand)
 t - a ring of willpower
 v - an amulet of regeneration (around neck)
 w - a ring of positive energy
 x - a ring of flight
Wands
 y - a wand of mindburst (19)
Scrolls
 d - a scroll of brand weapon {unknown}
 i - a scroll of fog {unknown}
 k - 3 scrolls of teleportation
 m - a scroll of enchant weapon {unknown}
 o - 4 scrolls of fear {unknown}
 q - a scroll of enchant armour {unknown}
 s - a scroll of magic mapping {unknown}
 B - a scroll of acquirement {unknown}
 D - a scroll of amnesia {unknown}
Potions
 a - 2 potions of might {unknown}
 e - a potion of mutation {unknown}
 g - 5 potions of curing {unknown}
 n - 2 potions of degeneration {unknown}
 p - a potion of lignification
 u - a potion of invisibility
 C - a potion of berserk rage {unknown}
 G - a potion of brilliance {unknown}


   Skills:
 + Level 5.2 Fighting
 + Level 5.2 Short Blades
 + Level 5.2 Long Blades
 + Level 5.2 Axes
 + Level 5.2 Maces & Flails
 + Level 5.2 Polearms
 + Level 5.2 Staves
 + Level 5.2 Slings
 + Level 5.2 Bows
 + Level 5.2 Crossbows
 + Level 5.2 Throwing
 + Level 5.2 Armour
 + Level 7.0 Dodging
 + Level 6.8 Stealth
 + Level 5.2 Shields
 + Level 5.2 Unarmed Combat
 + Level 9.0 Spellcasting
 + Level 4.9 Conjurations
 + Level 4.3 Hexes
 + Level 4.9 Summonings
 + Level 4.3 Necromancy
 + Level 4.9 Translocations
 + Level 4.3 Transmutations
 + Level 4.3 Fire Magic
 + Level 4.3 Ice Magic
 + Level 4.3 Air Magic
 + Level 4.3 Earth Magic
 + Level 4.3 Poison Magic
 + Level 5.8 Invocations
 + Level 5.2 Evocations


You had 17 spell levels left.
You knew the following spells:

 Your Spells              Type           Power      Damage    Failure   Level
a - Magic Dart            Conj           88%        1d7       4%          1
b - Searing Ray           Conj           44%        3d4       7%          2
c - Vampiric Draining     Necr           10%        2d7       19%         3
d - Blink                 Tloc           N/A        N/A       7%          2
e - Call Imp              Summ           22%        N/A       7%          2

Your spell library contained the following spells:

 Spells                   Type           Power      Damage    Failure   Level
 Corona                   Hex            23%        N/A       6%          1
 Pain                     Necr           84%        1d8       6%          1
 Corpse Rot               Necr/Air       N/A        N/A       9%          2
 Slow                     Hex            21%        N/A       9%          2
 Sublimation of Blood     Necr           10%        N/A       9%          2
 Conjure Flame            Conj/Fire      22%        6-21      16%         3
 Dazzling Flash           Conj/Hex       44%        N/A       16%         3
 Portal Projectile        Hex/Tloc       44%        N/A       16%         3
 Mephitic Cloud           Conj/Pois/Air  21%        N/A       17%         3
 Inner Flame              Hex/Fire       21%        N/A       19%         3
 Iskenderun's Mystic Bla  Conj/Tloc      22%        2d6       43%         4
 Fulminant Prism          Conj/Hex       11%        3d9       47%         4
 Cause Fear               Hex            10%        N/A       52%         4
 Leda's Liquefaction      Hex/Erth       10%        N/A       52%         4


Dungeon Overview and Level Annotations

Branches:
Dungeon (10/15)            Temple (1/1) D:5            Lair (0/6) D:8
    Orc: D:9-12

Altars:
Ashenzari
Cheibriados
Dithmenos
Elyvilon
Fedhas
Gozag
Hepliaklqana
Kikubaaqudgha
Makhleb
Nemelex Xobeh
Okawaru
Qazlal
Ru
Sif Muna
Trog
Uskayaw
Vehumet
Wu Jian
Xom
Yredelemnul
Zin
The Shining One

Shops:
D:5 [

Annotations:
D:5 2 transporters, Defined's ghost, amateur GnWn
D:9 3 runed translucent doors, Gebura's ghost, novice NaTm
D:10 Joseph


Innate Abilities, Weirdness & Mutations

You have very sharp teeth.
Your uncanny sense of smell can sniff out nearby items.
Your experience applies equally to all skills.
Your flesh is heat resistant. (rF+)


Message History

You barely miss Joseph.
Joseph is lightly wounded.
Joseph hits you with a +0 quarterstaff!
Casting: Searing Ray (safe; 7% risk of failure)
Confirm with . or Enter, or press ? or * to list all spells.
A beastly little devil appears in a puff of frigid air.
Joseph hits you with a +0 quarterstaff!
Throw: 7 darts (datura)
Press: ? - help, Q - select action, (/) - cycle Shift-Dir - straight line, f - Joseph
Aim: Joseph, wielding a +0 quarterstaff, wearing a +0 leather armour and quivering sling bullets (lightly wounded, ally target, 62% to hit, chance to frenzy on hit: 67%)
You throw a datura-tipped dart. The datura-tipped dart hits Joseph!
Joseph flies into a frenzy!
Joseph is lightly wounded.
Joseph hits you with a +0 quarterstaff.
Adjust (i)tems, (s)pells, or (a)bilities?
Adjust which spell? e - Vampiric Draining Adjust to which letter? c - Vampiric Draining; e - Call Imp You block Joseph's attack.
Your white imp hits Joseph.
Your white imp freezes Joseph.
Joseph hits your white imp with a +0 quarterstaff!!
Your white imp dies!
Joseph shouts!
Joseph closely misses you. Joseph hits you with a +0 quarterstaff.
Casting: Call Imp (safe; 7% risk of failure)
Confirm with . or Enter, or press ? or * to list all spells.
Aiming: Vampiric Draining (dangerous; 19% risk of failure)
Press: ? - help, Shift-Dir - straight line, f - you, p - Joseph That would be overly suicidal.
Okay, then.
Joseph hits you but does no damage.
Joseph hits you with a +0 quarterstaff!!
* * * LOW HITPOINT WARNING * * *
As you read the scroll of teleportation, it crumbles to dust.
You feel strangely unstable.
Joseph hits you with a +0 quarterstaff!!
You die...
Kikubaaqudgha rasps: "You have failed me!
Welcome... death!"

##.....#....#
#......#....#
#......###'##
#.#....###.#
#.#......#.#
#.#.####.#)# #.#.##
#.#.######## #.#..#
#.#)#......#
#.##.###@#).......#
#.##..##@#........#
#.###.##.#........#
####'###.##...)......#
#......(..###.#.......
#.......#.# #.....####
#.......#.# #.....#
##.(.....#.. #.....#####
#........##.##.........+


You could see the neutral Joseph (fast, strong, insane).

Vanquished Creatures
  A shadow (D:8)
  A wraith (D:10)
  2 wyverns
  Menkaure (D:6)
  A steam dragon (D:6)
  2 wargs (D:8)
  A black bear (D:7)
  3 sky beasts
  5 orc warriors
  2 necrophages
  2 ogres
  A centaur (D:7)
  A kobold brigand (D:7)
  2 bullfrogs
  A gnoll sergeant (D:9)
  A wyvern zombie (D:8)
  3 scorpions
  A water moccasin zombie (D:5)
  A water moccasin skeleton (D:7)
  2 howler monkeys
  6 wights
  2 bullfrog zombies (D:6)
  A crimson imp (D:4)
  10 orc priests
  3 centaur zombies
  A jelly (D:7)
  2 hounds
  2 iguanas
  14 orc wizards
  A killer bee zombie (D:8)
  Robin (D:3)
  5 gnolls
  A howler monkey zombie (D:9)
  3 adders
  A white imp (D:7)
  An adder skeleton (D:4)
  A worm (D:2)
  A dart slug (D:4)
  44 orcs
  7 endoplasms
  19 goblins
  21 hobgoblins
  12 kobolds
  A quokka (D:2)
  6 ball pythons
  8 bats
  6 frilled lizards
  3 hobgoblin zombies (D:4)
  3 kobold skeletons (D:4)
  2 kobold zombies (D:4)
  An orc skeleton (D:4)
  2 orc zombies (D:4)
  4 rats (D:2)
229 creatures vanquished.

Vanquished Creatures (collateral kills)
  Sigmund (D:5)
  An ogre (D:5)
2 creatures vanquished.

Vanquished Creatures (others)
  2 plants (D:5)
2 creatures vanquished.

Grand Total: 233 creatures vanquished

Notes
Turn   | Place    | Note
-------+----------+-------------------------------------------
     0 | D:1      | Lanoc the Gnoll Hedge Wizard began the quest for the Orb.
     0 | D:1      | Reached XP level 1. HP: 13/13 MP: 8/8
   122 | D:1      | Reached XP level 2. HP: 19/19 MP: 5/10
   172 | D:1      | Found a faded altar of an unknown god.
   179 | D:1      | Became a worshipper of Xom of Chaos
   335 | D:1      | XOM: silly message
   526 | D:1      | Learned a level 2 spell: Blink
   529 | D:1      | Learned a level 2 spell: Call Imp
   532 | D:1      | Learned a level 2 spell: Searing Ray
   712 | D:1      | XOM: divination: detect creatures
   788 | D:1      | XOM is BORED!
   819 | D:2      | Noticed an ogre
   821 | D:2      | XOM: divination: detect items
   829 | D:2      | XOM: butterfly on damage
   831 | D:2      | Killed an ogre
   832 | D:2      | Reached skill level 1 in Fighting
   832 | D:2      | Reached skill level 1 in Short Blades
   832 | D:2      | Reached skill level 1 in Long Blades
   832 | D:2      | Reached skill level 1 in Axes
   832 | D:2      | Reached skill level 1 in Maces & Flails
   832 | D:2      | Reached skill level 1 in Polearms
   832 | D:2      | Reached skill level 1 in Staves
   832 | D:2      | Reached skill level 1 in Slings
   832 | D:2      | Reached skill level 1 in Bows
   832 | D:2      | Reached skill level 1 in Crossbows
   832 | D:2      | Reached skill level 1 in Throwing
   832 | D:2      | Reached skill level 1 in Armour
   832 | D:2      | Reached skill level 1 in Shields
   832 | D:2      | Reached skill level 1 in Unarmed Combat
   832 | D:2      | Reached skill level 1 in Hexes
   832 | D:2      | Reached skill level 1 in Necromancy
   832 | D:2      | Reached skill level 1 in Transmutations
   832 | D:2      | Reached skill level 1 in Fire Magic
   832 | D:2      | Reached skill level 1 in Ice Magic
   832 | D:2      | Reached skill level 1 in Air Magic
   832 | D:2      | Reached skill level 1 in Earth Magic
   832 | D:2      | Reached skill level 1 in Poison Magic
   832 | D:2      | Reached skill level 1 in Invocations
   832 | D:2      | Reached skill level 1 in Evocations
   832 | D:2      | Reached XP level 3. HP: 6/26 MP: 0/11
   832 | D:2      | Reached XP level 4. HP: 8/32 MP: 0/13
   938 | D:2      | XOM: cloud trail
  1055 | D:2      | XOM: noise
  1194 | D:2      | Reached XP level 5. HP: 37/37 MP: 7/14
  1222 | D:2      | XOM: cloud trail
  2052 | D:2      | XOM: god gift: 18 stones
  2658 | D:3      | XOM: chaos upgrade
  2685 | D:3      | Noticed Robin
  2691 | D:3      | Killed Robin
  3004 | D:3      | XOM: noise
  3120 | D:4      | Reached XP level 6. HP: 44/44 MP: 3/16
  3409 | D:4      | Reached skill level 5 in Dodging
  3499 | D:4      | XOM: 1-stop teleportation journey
  3560 | D:4      | XOM: silly message
  3564 | D:4      | Found a glowing golden altar of the Shining One.
  3579 | D:4      | Identified the +8 dagger of the Moth {pain, rF+ rN+}
  3685 | D:4      | Reached XP level 7. HP: 43/50 MP: 9/18
  3861 | D:4      | XOM: 6-stop teleportation journey
  4299 | D:5      | Entered Level 5 of the Dungeon
  4534 | D:5      | Reached skill level 5 in Stealth
  4685 | D:5      | Found a broken altar of Ashenzari.
  4693 | D:5      | Found a staircase to the Ecumenical Temple.
  4704 | D:5      | XOM: butterfly on damage
  4715 | D:5      | Reached XP level 8. HP: 32/57 MP: 7/19
  4851 | D:5      | Found Gaustoe's Armour Boutique.
  4873 | D:5      | Noticed Defined's ghost (amateur GnWn)
  4913 | D:5      | Found a transporter.
  4918 | D:5      | Found a transporter.
  5242 | D:5      | XOM: 1-stop teleportation journey
  5247 | D:5      | Noticed Sigmund
  5260 | D:5      | Killed Sigmund
  5280 | D:5      | XOM: noise
  5682 | Temple   | Entered the Ecumenical Temple
  5891 | Temple   | XOM is BORED!
  5891 | Temple   | XOM: give mutation
  5891 | Temple   | Gained mutation: Your flesh is heat resistant. (rF+) [Xom's
                  | mischief]
  5915 | Temple   | Fell from the grace of Xom
  5915 | Temple   | Became a worshipper of Kikubaaqudgha
  5957 | D:6      | Reached skill level 8 in Spellcasting
  6388 | D:6      | Found a bloodstained altar of Trog.
  6414 | D:6      | Noticed a wyvern
  6431 | D:6      | Killed a wyvern
  6432 | D:6      | Reached XP level 9. HP: 49/65 MP: 12/21
  6810 | D:7      | Noticed Menkaure
  6820 | D:6      | Killed Menkaure
  7370 | D:7      | Reached * piety under Kikubaaqudgha
  7370 | D:7      | Identified Kikubaaqudgha's Compendium of Necromancy
                  | (Kikubaaqudgha gifted it to you on level 7 of the Dungeon)
  7370 | D:7      | Received a gift from Kikubaaqudgha
  7399 | D:7      | XOM: summons 1 hostile shadow creature
  7447 | D:7      | XOM: stat loss: -3 Int (13/16)
  7528 | D:7      | Reached skill level 5 in Invocations
  7809 | D:8      | XOM: enchant monster (bad)
  7949 | D:8      | Reached XP level 10. HP: 73/73 MP: 22/22
  7954 | D:8      | Found a staircase to the Lair.
  8189 | D:8      | Reached skill level 5 in Fighting
  8189 | D:8      | Reached skill level 5 in Short Blades
  8189 | D:8      | Reached skill level 5 in Long Blades
  8189 | D:8      | Reached skill level 5 in Axes
  8189 | D:8      | Reached skill level 5 in Maces & Flails
  8189 | D:8      | Reached skill level 5 in Polearms
  8189 | D:8      | Reached skill level 5 in Staves
  8189 | D:8      | Reached skill level 5 in Slings
  8189 | D:8      | Reached skill level 5 in Bows
  8189 | D:8      | Reached skill level 5 in Crossbows
  8189 | D:8      | Reached skill level 5 in Throwing
  8189 | D:8      | Reached skill level 5 in Armour
  8189 | D:8      | Reached skill level 5 in Shields
  8189 | D:8      | Reached skill level 5 in Unarmed Combat
  8189 | D:8      | Reached skill level 5 in Evocations
  8201 | D:8      | Learned a level 3 spell: Vampiric Draining
  8390 | D:9      | Found an ornate altar of the Wu Jian Council.
  8533 | D:9      | XOM: summons 12 hostile demons
  8718 | D:9      | XOM: summons 4 hostile demons
  8795 | D:9      | Noticed Gebura's ghost (novice NaTm)
  8795 | D:9      | Noticed a kobold demonologist
  8796 | D:9      | Found a runed translucent gate.
  8796 | D:9      | Found a runed translucent gate.
  8796 | D:9      | Found a runed translucent gate.
  8797 | D:9      | Noticed a kobold demonologist
  8933 | D:9      | XOM: summons 3 hostile shadow creatures
  8934 | D:9      | Noticed a two-headed ogre
  9391 | D:10     | Entered Level 10 of the Dungeon
  9425 | D:10     | Reached skill level 9 in Spellcasting
  9502 | D:10     | XOM: god gift: 16 sling bullets
  9646 | D:10     | Noticed Joseph
  9666 | D:10     | Mangled by Joseph

Illustrated notes

Levels and vault maps discovered:
D:1:      wander_arrival_fairy_ring, layout_basic,
          shapermc_ecumenical_altar_notcrosses
D:2:      layout_loops_ring, serial_co_window_serial, co_window_paths_a,
          co_window_paths_a, co_window_corner_a, co_window_paths_a,
          co_window_corner_a, co_window_of_opportunity_a, co_window_paths_a,
          co_window_paths_c, co_window_corner_b, co_window_of_opportunity_c,
          glass_columns_c, glass_columns_a, glass_columns_a,
          kennysheep_generic_room_11
D:3:      layout_rooms, uniq_robin
D:4:      layout_loops_cross, nicolae_tso_besieged_by_evil, abandoned_shop,
          minivault_4, minmay_misc_feat_rows, chequers_serial_rivers_large_b
D:5:      corexii_shantytown, layout_rooms, ashenzari_altar_1,
          minmay_temple_entry_statues_pillars, serial_shops, shop,
          gammafunk_ghost_hive, hangedman_abyss_or_decor_stabs, uniq_sigmund
D:6:      layout_rooms, general_overflow_altar, chequers_serial_rivers_large_a,
          hangedman_decor_peaks_small, minmay_strange_pillars
D:7:      layout_rooms, uniq_menkaure
D:8:      layout_rooms, erik_lair_orcish_takeover
D:9:      layout_long_grid, lemuel_tele_altar, gammafunk_ghost_nasty_kobolds
D:10:     layout_basic, gammafunk_ghost_spectres, uniq_joseph, uniq_grum
Temple:   hc_temple_tempest_star

Skill      XL: |  1  2  3  4  5  6  7  8  9 10 |
---------------+-------------------------------+-----
Conjurations   | 2 3 4 |  4.9
Summonings     | 2 3 4 |  4.9
Translocations | 2 3 4 |  4.9
Fighting       | 1 2 3 4 5 |  5.2
Short Blades   | 1 2 3 4 5 |  5.2
Long Blades    | 1 2 3 4 5 |  5.2
Axes           | 1 2 3 4 5 |  5.2
Maces & Flails | 1 2 3 4 5 |  5.2
Polearms       | 1 2 3 4 5 |  5.2
Staves         | 1 2 3 4 5 |  5.2
Slings         | 1 2 3 4 5 |  5.2
Bows           | 1 2 3 4 5 |  5.2
Crossbows      | 1 2 3 4 5 |  5.2
Throwing       | 1 2 3 4 5 |  5.2
Armour         | 1 2 3 4 5 |  5.2
Shields        | 1 2 3 4 5 |  5.2
Unarmed Combat | 1 2 3 4 5 |  5.2
Hexes          | 1 2 3 4 |  4.3
Necromancy     | 1 2 3 4 |  4.3
Transmutations | 1 2 3 4 |  4.3
Fire Magic     | 1 2 3 4 |  4.3
Ice Magic      | 1 2 3 4 |  4.3
Air Magic      | 1 2 3 4 |  4.3
Earth Magic    | 1 2 3 4 |  4.3
Poison Magic   | 1 2 3 4 |  4.3
Invocations    | 1 2 3 4 5 |  5.8
Evocations     | 1 2 3 4 5 |  5.2
Dodging        | 5 6 7 |  7.0
Stealth        | 5 6 |  6.8
Spellcasting   | 8 9 |  9.0

Action                   |  1- 3 |  4- 6 |  7- 9 | 10-12 || total
-------------------------+-------+-------+-------+-------++-------
Melee: Dagger            |       |    16 |   165 |   116 ||   297
       Club              |       |    24 |       |       ||    24
       Bite              |       |     1 |     7 |     9 ||    17
       Punch             |       |       |     1 |     2 ||     3
Throw: Dart              |       |       |       |     1 ||     1
 Cast: Magic Dart        |    40 |    64 |     1 |       ||   105
       Searing Ray       |     2 |    28 |    40 |    21 ||    91
       Call Imp          |       |       |       |     1 ||     1
  Use: Scroll            |       |       |       |     4 ||     4
 Stab: Sleeping          |       |     1 |    16 |     1 ||    18
Armor: Robe              |     3 |    34 |    72 |    69 ||   178
Dodge: Dodged            |     6 |    53 |   129 |   126 ||   314
Block: Kite shield       |       |       |       |     9 ||     9

Table legend: (Time is in decaauts)
 A = Elapsed time spent in this place.
 B = Non-inter-level travel time spent in this place.
 C = Inter-level travel time spent in this place.
 D = Time resting spent in this place.
 E = Time spent auto-exploring this place.
 F = Levels seen in this place.
 G = Mean time per level.
                   A        B        C        D        E       F      G
               +--------+--------+--------+--------+--------+-----+--------+
         Total |   9652 |   9429 |    223 |    459 |   7354 |  11 |  877.5 |
       Dungeon |   9407 |   9219 |    188 |    459 |   7156 |  10 |  940.7 |
        Temple |    245 |    210 |     35 |      0 |    198 |   1 |  245.0 |
               +--------+--------+--------+--------+--------+-----+--------+

Top non-repeatable levels by time:
     D:2: 1526 daAuts
     D:5: 1390 daAuts
     D:9: 1021 daAuts
     D:3: 1013 daAuts
     D:4: 971 daAuts
     D:6: 919 daAuts
     D:1: 822 daAuts
     D:7: 813 daAuts
     D:8: 655 daAuts
    D:10: 273 daAuts
  Temple: 245 daAuts
